 Dungeon Crawl Stone Soup version 0.28-a0-1613-gdaab1c2f9b (webtiles) character file.

Game seed: 10141507135639797915

78 a3don the Vexing (level 4, -1/26 HPs)
             Began as a Kobold Arcane Marksman on Jan 21, 2022.
             Slain by Grinder (5 damage)
             ... while paralysed by Grinder
             ... on level 3 of the Dungeon.
             The game lasted 00:04:30 (2665 turns).

a3don the Vexing (Kobold Arcane Marksman)           Turns: 2665, Time: 00:04:30

Health: -1/26      AC:  3    Str:  7    XL:     4   Next: 61%
Magic:  6/6        EV:  3    Int: 16    God:
Gold:   82         SH:  0    Dex: 15    Spells: 2/6 levels left

rFire   . . .      SeeInvis +   b - +0 short sword
rCold   . . .      Faith    .   (no shield)
rNeg    . . .      Spirit   .   d - +0 robe
rPois   .          Reflect  .   (no helmet)
rElec   .          Harm     .   (no cloak)
rCorr   .          Rampage  .   e - +0 pair of gloves
Will    .....                   (no boots)
Stlth   ++........              (no amulet)
HPRegen 0.08/turn               i - +4 ring of evasion
MPRegen 0.10/turn               o - ring of see invisible

@: paralysed
A: small, no large weapons, nightstalker 3
a: no special abilities


You were on level 3 of the Dungeon.
You visited 1 branch of the dungeon, and saw 3 of its levels.

You collected 82 gold pieces.

Inventory:

Hand Weapons
 a - a +0 hand crossbow
 b - a +0 short sword (weapon)
Missiles
 c - 11 bolts
 n - 25 arrows
Armour
 d - a +0 robe (worn)
 e - a +0 pair of gloves (worn)
Jewellery
 i - a +4 ring of evasion (left hand)
 o - a ring of see invisible (right hand)
Scrolls
 g - 2 scrolls of identify {unknown}
 h - 3 scrolls of amnesia {unknown}
 k - a scroll of holy word {unknown}
Potions
 f - 3 potions of brilliance {unknown}
 j - a potion of lignification {unknown}
 l - a potion of curing {unknown}
 m - a potion of resistance {unknown}


   Skills:
 + Level 2.1 Fighting
 - Level 2.8 Crossbows
 + Level 3.2 Dodging
 - Level 1.7 Spellcasting
 * Level 3.5 Hexes
 * Level 1.0 Translocations


You had 2 spell levels left.
You knew the following spells:

 Your Spells              Type           Power      Damage    Failure   Level
a - Slow                  Hex            48%        N/A       4%          1
b - Portal Projectile     Hex/Tloc       16%        N/A       26%         3

Your spell library contained the following spells:

 Spells                   Type           Power      Damage    Failure   Level
 Inner Flame              Hex/Fire       7%         N/A       30%         3
 Cause Fear               Hex            6%         N/A       43%         4


Dungeon Overview and Level Annotations

Branches:
Dungeon (3/15)

Altars:

Annotations:
D:3 Grinder


Innate Abilities, Weirdness & Mutations

You are small and have problems with some larger weapons.
You are completely attuned to the shadows.


Message History

Done exploring.
(D) Dungeon
Where to? (Enter - D:2 @ (x,y), ? - help)
There is a stone staircase leading down here.
You climb downwards.
Found a granite ring.
Found a stone staircase leading up.
There is a stone staircase leading up here.
o - a ring of see invisible
o - a ring of see invisible (right hand)
A dart slug comes into view.
The dart slug launches a dart at you. The slug dart misses you.
You hit the dart slug.
The dart slug is heavily wounded.
You hit the dart slug.
The dart slug is almost dead.
The dart slug bites you but does no damage.
You hit the dart slug.
The dart slug is almost dead.
The dart slug launches a dart at you. The slug dart misses you.
You hit the dart slug.
You kill the dart slug!
Your Translocations skill increases to level 1!
No target in view!
Grinder comes into view.
Grinder is nearby!
Grinder is nearby!
An orc comes into view. It is wielding a +0 club.
Grinder shouts!
The orc shouts!
You hear a shout!
An orc comes into view. It is wielding a +0 club.
Grinder gestures at you.
You suddenly lose the ability to move!
Grinder hits you.
You writhe in agony.
A ball python comes into view.
Grinder hits you.
You writhe in agony.
The orc hits you with a +0 club. Grinder hits you!
* * * LOW HITPOINT WARNING * * *
You writhe in agony.
You die...

....<..#.....
.........###.
..........###
..............
............##
.....##..#
..........
.....##.#
...o@# #
..S.5....
....o#...
.......#.
.....# #


You could see Grinder, 2 orcs and a ball python.

Vanquished Creatures
  An adder (D:2)
  6 dart slugs
  5 ball pythons
  4 bats (D:1)
  3 endoplasms
  3 giant cockroaches
  3 goblins
  3 hobgoblins
  6 jackals
  7 kobolds
  4 quokkas
  A frilled lizard (D:2)
  5 rats
51 creatures vanquished.

Notes
Turn   | Place    | Note
-------+----------+-------------------------------------------
     0 | D:1      | a3don the Kobold Arcane Marksman began the quest for the
                  | Orb.
     0 | D:1      | Reached XP level 1. HP: 12/12 MP: 2/2
    97 | D:1      | Reached XP level 2. HP: 16/16 MP: 3/3
   416 | D:1      | Reached XP level 3. HP: 18/20 MP: 5/5
   671 | D:1      | Learned a level 3 spell: Portal Projectile
   731 | D:1      | HP: 1/21 [jackal (3)]
  1796 | D:2      | Reached XP level 4. HP: 26/26 MP: 6/6
  1963 | D:2      | Found a faded altar of an unknown god.
  2659 | D:3      | Reached skill level 1 in Translocations
  2659 | D:3      | Noticed Grinder
  2662 | D:3      | Paralysed by Grinder for 6 turns
  2665 | D:3      | Slain by Grinder

Illustrated notes

Levels and vault maps discovered:
D:1:      tarquinn_simple_flora_water_b, layout_loops_cross,
          minmay_indecisive_spiral
D:2:      layout_loops_ring, shapermc_ecumenical_altar_totnotflames,
          dk_noncrumbling_2
D:3:      layout_rooms, minmay_strange_pillars, uniq_grinder

Skill      XL: |  1  2  3  4 |
---------------+-------------+-----
Dodging        | 3 |  3.2
Fighting       | 2 |  2.1
Translocations | 1 |  1.0
Crossbows      | |  2.8
Spellcasting   | |  1.7
Hexes          | |  3.5

Action                   |  1- 3 |  4- 6 || total
-------------------------+-------+-------++-------
Melee: Short sword       |    90 |    38 ||   128
       Punch             |       |     1 ||     1
 Fire: Hand crossbow     |    45 |     6 ||    51
 Stab: Sleeping          |     7 |     2 ||     9
Armor: Robe              |    24 |     3 ||    27
Dodge: Dodged            |   111 |    46 ||   157

Table legend: (Time is in decaauts)
 A = Elapsed time spent in this place.
 B = Non-inter-level travel time spent in this place.
 C = Inter-level travel time spent in this place.
 D = Time resting spent in this place.
 E = Time spent auto-exploring this place.
 F = Levels seen in this place.
 G = Mean time per level.
                   A        B        C        D        E       F      G
               +--------+--------+--------+--------+--------+-----+--------+
         Total |   2687 |   2603 |     84 |    290 |   1894 |   3 |  895.7 |
       Dungeon |   2687 |   2603 |     84 |    290 |   1894 |   3 |  895.7 |
               +--------+--------+--------+--------+--------+-----+--------+

Top non-repeatable levels by time:
     D:1: 1429 daAuts
     D:2: 1236 daAuts
     D:3: 21 daAuts
